 Dungeon Crawl Stone Soup version 0.31-a0-216-g22e908daa7 (webtiles) character file.

Game seed: 13204633020059339302

422 qw the Chopper (level 6, 0/39 HPs)
             Began as a Gargoyle Fighter on July 1, 2023.
             Was an Initiate of Okawaru.
             Slain by a gnoll bouda
             ... wielding a +0 whip
              (9 damage)
             ... on level 5 of the Dungeon.
             The game lasted 00:06:35 (3879 turns).

qw the Chopper (Gargoyle Fighter)                   Turns: 3879, Time: 00:06:36

Health: 0/39       AC: 15    Str: 21    XL:     6   Next: 95%
Magic:  6/6        EV:  7    Int: 12    God:    Okawaru [......]
Gold:   181        SH:  4    Dex:  8    Spells: 5/5 levels left

rFire   . . .        Y - +2 war axe
rCold   + . .        c - +0 buckler
rNeg    + . .        j - +2 chain mail {rC+}
rPois   inf          (no helmet)
rElec   +            (no cloak)
rCorr   .            (no gloves)
SInv    .            (no boots)
Will    +....        (no amulet) Stlth
                     (no ring)
HPRegen 1.06/turn    (no ring)
MPRegen 0.10/turn

%: no passive effects
@: no status effects
A: sickness immunity, AC +4, negative energy resistance 1, electricity
resistance, torment resistance 1, petrification resistance, clever 1,
strong-willed 1, regeneration 1
a: Renounce Religion


You were on level 5 of the Dungeon.
You worshipped Okawaru.
Okawaru was noncommittal.
You visited 1 branch of the dungeon, and saw 5 of its levels.

You collected 181 gold pieces.


Innate Abilities, Weirdness & Mutations

You are immune to sickness and miasma.
Your stone body is resilient. (AC +4)
You are immune to poison.
You resist negative energy. (rN+)
You are resistant to electric shocks. (rElec)
You are resistant to unholy torment.
You are immune to petrification.
Your mind is acute. (Int +4, Str/Dex -1)
You are strong-willed. (Will+)
Your natural rate of healing is unusually fast.


   Skills:
 - Level 4.3 Fighting
 + Level 6.1 Axes
 - Level 3.2 Armour
 - Level 3.2 Shields


You had 5 spell levels left.
You didn't know any spells.
Your spell library was empty.

Inventory:

Hand Weapons
 m - a +0 morningstar
 Y - a +2 war axe (weapon)
Missiles
 l - 7 boomerangs (quivered)
Armour
 c - a +0 buckler (worn)
 f - a +0 pair of boots
 j - a +2 chain mail of cold resistance (worn)
Scrolls
 a - a scroll of identify
Potions
 b - a potion of heal wounds
 d - 2 potions of might
 g - 2 potions of curing
 h - a potion of lignification
 k - 2 potions of mutation

Dungeon Overview and Level Annotations

Branches:
Dungeon (5/15)
 Temple: D:4-7

Altars:
Nemelex Xobeh
Okawaru


Message History

The gnoll barely misses you. The gnoll hits you but does no damage.
The gnoll bouda hits you but does no damage.
You struggle against the net.
The gnoll hits you from afar with a +0 halberd.
The gnoll hits you but does no damage.
The gnoll bouda hits you but does no damage.
You rip the net and break free!
The gnoll barely misses you. The gnoll hits you but does no damage.
The gnoll bouda hits you but does no damage.
You barely miss the gnoll bouda. You hit the gnoll. You closely miss the gnoll.
The gnoll hits you but does no damage. You block the gnoll's attack.
The gnoll hits you but does no damage.
The gnoll hits you from afar with a +0 spear.
The gnoll bouda barks out a call to the hunt!
The gnolls pick up the pace!
You hit the gnoll.
The gnoll is moderately wounded.
You hit the gnoll but do no damage. You hit the gnoll bouda.
The gnoll hits you from afar with a +0 halberd.
The gnoll barely misses you. The gnoll hits you but does no damage.
You block the gnoll's attack.
The gnoll bouda hits you but does no damage.
The gnoll hits you from afar with a +0 spear.
The gnoll closely misses you. The gnoll hits you but does no damage.
You closely miss the gnoll.
The gnoll is moderately wounded.
You barely miss the gnoll.
You hit the gnoll bouda but do no damage.
Your attacks no longer feel as feeble.
You block the gnoll's attack. The gnoll barely misses you.
The gnoll hits you from afar with a +0 halberd!
The gnoll barely misses you.
You closely miss the gnoll.
The gnoll is moderately wounded.
You hit the gnoll bouda. You closely miss the gnoll.
The gnoll hits you but does no damage.
The gnoll hits you from afar with a +0 spear.
The gnoll barely misses you. The gnoll hits you with a +0 club.
The gnoll bouda hits you with a +0 whip!
You die...

#....................
#.....>..............
##......#..###......#.
#............+......#
#........##..#......
#..............
#....(.....#..#
#..........#
#.....@g...#
######gg...# #Sgg.....
......... ..#......
...#...... ...##...##
....# ...#


You could see a gnoll bouda, 4 gnolls and an adder.

Vanquished Creatures
  A hound (D:5)
  An orc priest (D:3)
  A sleepcap (D:4)
  Ijyb (D:3)
  6 orc wizards
  3 adders
  A gnoll (D:5)
  A shadow imp (D:5)
  2 worms
  7 dart slugs
  12 orcs
  6 ball pythons
  4 bats
  6 endoplasms
  2 giant cockroaches
  3 goblins
  12 hobgoblins
  3 jackals (D:1)
  6 kobolds
  3 quokkas
  4 frilled lizards
  7 rats
92 creatures vanquished.

Notes
Turn   | Place    | Note
-------+----------+-------------------------------------------
     0 | D:1      | qw the Gargoyle Fighter began the quest for the Orb.
     0 | D:1      | Reached XP level 1. HP: 14/14 MP: 1/1
     0 | D:1      | Noticed a vine stalker
     0 | D:1      | 0 ||| qw: Version: 0.3-a-34-gb2f95b8
     0 | D:1      | 0 ||| qw: Game counter: 7702
     0 | D:1      | 0 ||| qw: Melee chars always use a shield: true
     0 | D:1      | 0 ||| qw: God list: Okawaru
     0 | D:1      | 0 ||| qw: Allow faded altars: false
     0 | D:1      | 0 ||| qw: Do Orc after clearing Dungeon:15 true
     0 | D:1      | 0 ||| qw: Do second Lair branch before Depths: true
     0 | D:1      | 0 ||| qw: Lair rune preference: random
     0 | D:1      | 0 ||| qw: Goals: Normal, Zot:1-4, Slime:5, God:TSO, Crypt,
                  | Tomb, Abyss, Pan, Hells, Win
     0 | D:1      | 0 ||| PLANNING D:1-11
     1 | D:1      | Noticed an octopode
     1 | D:1      | Noticed a tengu
     3 | D:1      | Noticed a felid
     3 | D:1      | Noticed an ogre
     5 | D:1      | Noticed an octopode
     8 | D:1      | Noticed a spriggan
    10 | D:1      | Noticed a vampire
    10 | D:1      | Noticed a merfolk
    12 | D:1      | Noticed a merfolk
    14 | D:1      | Noticed an elf
    14 | D:1      | Noticed an octopode
    14 | D:1      | Noticed an octopode
    16 | D:1      | Noticed a ghoul
    16 | D:1      | Noticed an octopode
    18 | D:1      | Noticed a merfolk
    18 | D:1      | Noticed a felid
   120 | D:1      | Reached skill level 2 in Axes
   171 | D:1      | 171 ||| FLEEEEING.
   172 | D:1      | 172 ||| FLEEEEING.
   189 | D:1      | 189 ||| FLEEEEING.
   190 | D:1      | 190 ||| FLEEEEING.
   191 | D:1      | 191 ||| FLEEEEING.
   192 | D:1      | 192 ||| Stepping ~*~*~tactically~*~*~ (hiding).
   202 | D:1      | Reached XP level 2. HP: 19/19 MP: 2/2
   423 | D:1      | 423 ||| DROPPING +0 club.
   445 | D:1      | Reached skill level 3 in Axes
   466 | D:1      | Reached XP level 3. HP: 23/23 MP: 3/3
   482 | D:1      | 482 ||| Stepping ~*~*~tactically~*~*~ (hiding).
   637 | D:1      | 637 ||| Stepping ~*~*~tactically~*~*~ (hiding).
  1061 | D:1      | 1061 ||| READING 2 scrolls labelled YKLESO CIENI.
  1062 | D:1      | 1062 ||| READING scroll labelled ANAVEJ ETEAT.
  1063 | D:1      | 1063 ||| DRINKING 2 lumpy purple potions.
  1124 | D:2      | Found a faded altar of an unknown god.
  1127 | D:2      | 1127 ||| Stepping randomly (stuck).
  1128 | D:2      | 1128 ||| Stepping randomly (stuck).
  1129 | D:2      | 1129 ||| Stepping randomly (stuck).
  1130 | D:2      | 1130 ||| Stepping randomly (stuck).
  1131 | D:2      | 1131 ||| Stepping randomly (stuck).
  1132 | D:2      | 1132 ||| Stepping randomly (stuck).
  1133 | D:2      | 1133 ||| Stepping randomly (stuck).
  1134 | D:2      | 1134 ||| Stepping randomly (stuck).
  1135 | D:2      | 1135 ||| Stepping randomly (stuck).
  1136 | D:2      | 1136 ||| Stepping randomly (stuck).
  1137 | D:2      | 1137 ||| Stepping randomly (stuck).
  1138 | D:2      | 1138 ||| Stepping randomly (stuck).
  1139 | D:2      | 1139 ||| Stepping randomly (stuck).
  1140 | D:2      | 1140 ||| Stepping randomly (stuck).
  1141 | D:2      | 1141 ||| Stepping randomly (stuck).
  1142 | D:2      | 1142 ||| Stepping randomly (stuck).
  1143 | D:2      | 1143 ||| Stepping randomly (stuck).
  1144 | D:2      | 1144 ||| Stepping randomly (stuck).
  1145 | D:2      | 1145 ||| Stepping randomly (stuck).
  1146 | D:2      | 1146 ||| Stepping randomly (stuck).
  1147 | D:2      | 1147 ||| Stepping randomly (stuck).
  1148 | D:2      | 1148 ||| Stepping randomly (stuck).
  1149 | D:2      | 1149 ||| Stepping randomly (stuck).
  1150 | D:2      | 1150 ||| Stepping randomly (stuck).
  1151 | D:2      | 1151 ||| Stepping randomly (stuck).
  1152 | D:2      | 1152 ||| Stepping randomly (stuck).
  1153 | D:2      | 1153 ||| Stepping randomly (stuck).
  1154 | D:2      | 1154 ||| Stepping randomly (stuck).
  1155 | D:2      | 1155 ||| Stepping randomly (stuck).
  1156 | D:2      | 1156 ||| Stepping randomly (stuck).
  1157 | D:2      | 1157 ||| Stepping randomly (stuck).
  1158 | D:2      | 1158 ||| Stepping randomly (stuck).
  1159 | D:2      | 1159 ||| Stepping randomly (stuck).
  1160 | D:2      | 1160 ||| Stepping randomly (stuck).
  1161 | D:2      | 1161 ||| Stepping randomly (stuck).
  1162 | D:2      | 1162 ||| Stepping randomly (stuck).
  1163 | D:2      | 1163 ||| Stepping randomly (stuck).
  1164 | D:2      | 1164 ||| Stepping randomly (stuck).
  1165 | D:2      | 1165 ||| Stepping randomly (stuck).
  1166 | D:2      | 1166 ||| Stepping randomly (stuck).
  1167 | D:2      | 1167 ||| Stepping randomly (stuck).
  1168 | D:2      | 1168 ||| Stepping randomly (stuck).
  1169 | D:2      | 1169 ||| Stepping randomly (stuck).
  1170 | D:2      | 1170 ||| Stepping randomly (stuck).
  1171 | D:2      | 1171 ||| Stepping randomly (stuck).
  1172 | D:2      | 1172 ||| Stepping randomly (stuck).
  1173 | D:2      | 1173 ||| Stepping randomly (stuck).
  1174 | D:2      | 1174 ||| Stepping randomly (stuck).
  1175 | D:2      | 1175 ||| Stepping randomly (stuck).
  1176 | D:2      | 1176 ||| Stepping randomly (stuck).
  1177 | D:2      | 1177 ||| Stepping randomly (stuck).
  1178 | D:2      | 1178 ||| Stepping randomly (stuck).
  1179 | D:2      | 1179 ||| Stepping randomly (stuck).
  1180 | D:2      | 1180 ||| Stepping randomly (stuck).
  1181 | D:2      | 1181 ||| Stepping randomly (stuck).
  1182 | D:2      | 1182 ||| Stepping randomly (stuck).
  1183 | D:2      | 1183 ||| Stepping randomly (stuck).
  1184 | D:2      | 1184 ||| Stepping randomly (stuck).
  1185 | D:2      | 1185 ||| Stepping randomly (stuck).
  1186 | D:2      | 1186 ||| Stepping randomly (stuck).
  1187 | D:2      | 1187 ||| Stepping randomly (stuck).
  1188 | D:2      | 1188 ||| Stepping randomly (stuck).
  1189 | D:2      | 1189 ||| Stepping randomly (stuck).
  1190 | D:2      | 1190 ||| Stepping randomly (stuck).
  1191 | D:2      | 1191 ||| Stepping randomly (stuck).
  1192 | D:2      | 1192 ||| Stepping randomly (stuck).
  1193 | D:2      | 1193 ||| Stepping randomly (stuck).
  1194 | D:2      | 1194 ||| Stepping randomly (stuck).
  1195 | D:2      | 1195 ||| Stepping randomly (stuck).
  1196 | D:2      | 1196 ||| Stepping randomly (stuck).
  1197 | D:2      | 1197 ||| Stepping randomly (stuck).
  1198 | D:2      | 1198 ||| Stepping randomly (stuck).
  1199 | D:2      | 1199 ||| Stepping randomly (stuck).
  1200 | D:2      | 1200 ||| Stepping randomly (stuck).
  1201 | D:2      | 1201 ||| Stepping randomly (stuck).
  1202 | D:2      | 1202 ||| Stepping randomly (stuck).
  1203 | D:2      | 1203 ||| Stepping randomly (stuck).
  1204 | D:2      | 1204 ||| Stepping randomly (stuck).
  1205 | D:2      | 1205 ||| Stepping randomly (stuck).
  1206 | D:2      | 1206 ||| Stepping randomly (stuck).
  1207 | D:2      | 1207 ||| Stepping randomly (stuck).
  1208 | D:2      | 1208 ||| Stepping randomly (stuck).
  1209 | D:2      | 1209 ||| Stepping randomly (stuck).
  1210 | D:2      | 1210 ||| Stepping randomly (stuck).
  1211 | D:2      | 1211 ||| Stepping randomly (stuck).
  1212 | D:2      | 1212 ||| Stepping randomly (stuck).
  1213 | D:2      | 1213 ||| Stepping randomly (stuck).
  1214 | D:2      | 1214 ||| Stepping randomly (stuck).
  1215 | D:2      | 1215 ||| Stepping randomly (stuck).
  1216 | D:2      | 1216 ||| Stepping randomly (stuck).
  1217 | D:2      | 1217 ||| Stepping randomly (stuck).
  1218 | D:2      | 1218 ||| Stepping randomly (stuck).
  1219 | D:2      | 1219 ||| Stepping randomly (stuck).
  1220 | D:2      | 1220 ||| Stepping randomly (stuck).
  1221 | D:2      | 1221 ||| Stepping randomly (stuck).
  1222 | D:2      | 1222 ||| Stepping randomly (stuck).
  1223 | D:2      | 1223 ||| Stepping randomly (stuck).
  1224 | D:2      | 1224 ||| Stepping randomly (stuck).
  1225 | D:2      | 1225 ||| Stepping randomly (stuck).
  1226 | D:2      | 1226 ||| Stepping randomly (stuck).
  1227 | D:2      | 1227 ||| Stepping randomly (stuck).
  1228 | D:2      | 1228 ||| Stepping randomly (stuck).
  1229 | D:2      | 1229 ||| Stepping randomly (stuck).
  1230 | D:2      | 1230 ||| Stepping randomly (stuck).
  1231 | D:2      | 1231 ||| Stepping randomly (stuck).
  1232 | D:2      | 1232 ||| Stepping randomly (stuck).
  1233 | D:2      | 1233 ||| Stepping randomly (stuck).
  1234 | D:2      | 1234 ||| Stepping randomly (stuck).
  1235 | D:2      | 1235 ||| Stepping randomly (stuck).
  1236 | D:2      | 1236 ||| Stepping randomly (stuck).
  1237 | D:2      | 1237 ||| Stepping randomly (stuck).
  1238 | D:2      | 1238 ||| Stepping randomly (stuck).
  1239 | D:2      | 1239 ||| Stepping randomly (stuck).
  1240 | D:2      | 1240 ||| Stepping randomly (stuck).
  1241 | D:2      | 1241 ||| Stepping randomly (stuck).
  1242 | D:2      | 1242 ||| Stepping randomly (stuck).
  1243 | D:2      | 1243 ||| Stepping randomly (stuck).
  1244 | D:2      | 1244 ||| Stepping randomly (stuck).
  1245 | D:2      | 1245 ||| Stepping randomly (stuck).
  1246 | D:2      | 1246 ||| Stepping randomly (stuck).
  1247 | D:2      | 1247 ||| Stepping randomly (stuck).
  1248 | D:2      | 1248 ||| Stepping randomly (stuck).
  1249 | D:2      | 1249 ||| Stepping randomly (stuck).
  1250 | D:2      | 1250 ||| Stepping randomly (stuck).
  1251 | D:2      | 1251 ||| Stepping randomly (stuck).
  1252 | D:2      | 1252 ||| Stepping randomly (stuck).
  1253 | D:2      | 1253 ||| Stepping randomly (stuck).
  1254 | D:2      | 1254 ||| Stepping randomly (stuck).
  1255 | D:2      | 1255 ||| Stepping randomly (stuck).
  1256 | D:2      | 1256 ||| Stepping randomly (stuck).
  1257 | D:2      | 1257 ||| Stepping randomly (stuck).
  1258 | D:2      | 1258 ||| Stepping randomly (stuck).
  1259 | D:2      | 1259 ||| Stepping randomly (stuck).
  1260 | D:2      | 1260 ||| Stepping randomly (stuck).
  1261 | D:2      | 1261 ||| Stepping randomly (stuck).
  1262 | D:2      | 1262 ||| Stepping randomly (stuck).
  1263 | D:2      | 1263 ||| Stepping randomly (stuck).
  1264 | D:2      | 1264 ||| Stepping randomly (stuck).
  1265 | D:2      | 1265 ||| Stepping randomly (stuck).
  1266 | D:2      | 1266 ||| Stepping randomly (stuck).
  1267 | D:2      | 1267 ||| Stepping randomly (stuck).
  1268 | D:2      | 1268 ||| Stepping randomly (stuck).
  1269 | D:2      | 1269 ||| Stepping randomly (stuck).
  1270 | D:2      | 1270 ||| Stepping randomly (stuck).
  1271 | D:2      | 1271 ||| Stepping randomly (stuck).
  1272 | D:2      | 1272 ||| Stepping randomly (stuck).
  1273 | D:2      | 1273 ||| Stepping randomly (stuck).
  1274 | D:2      | 1274 ||| Stepping randomly (stuck).
  1275 | D:2      | 1275 ||| Stepping randomly (stuck).
  1276 | D:2      | 1276 ||| Stepping randomly (stuck).
  1277 | D:2      | 1277 ||| Stepping randomly (stuck).
  1278 | D:2      | 1278 ||| Stepping randomly (stuck).
  1279 | D:2      | 1279 ||| Stepping randomly (stuck).
  1280 | D:2      | 1280 ||| Stepping randomly (stuck).
  1281 | D:2      | 1281 ||| Stepping randomly (stuck).
  1282 | D:2      | 1282 ||| Stepping randomly (stuck).
  1283 | D:2      | 1283 ||| Stepping randomly (stuck).
  1284 | D:2      | 1284 ||| Stepping randomly (stuck).
  1285 | D:2      | 1285 ||| Stepping randomly (stuck).
  1286 | D:2      | 1286 ||| Stepping randomly (stuck).
  1287 | D:2      | 1287 ||| Stepping randomly (stuck).
  1288 | D:2      | 1288 ||| Stepping randomly (stuck).
  1289 | D:2      | 1289 ||| Stepping randomly (stuck).
  1290 | D:2      | 1290 ||| Stepping randomly (stuck).
  1291 | D:2      | 1291 ||| Stepping randomly (stuck).
  1292 | D:2      | 1292 ||| Stepping randomly (stuck).
  1293 | D:2      | 1293 ||| Stepping randomly (stuck).
  1293 | D:2      | 1293 ||| PLANNING D:1-11
  1293 | D:2      | 1293 ||| Stepping randomly (stuck).
  1294 | D:2      | 1294 ||| Stepping randomly (stuck).
  1295 | D:2      | 1295 ||| Stepping randomly (stuck).
  1296 | D:2      | 1296 ||| Stepping randomly (stuck).
  1297 | D:2      | 1297 ||| Stepping randomly (stuck).
  1298 | D:2      | 1298 ||| Stepping randomly (stuck).
  1299 | D:2      | 1299 ||| Stepping randomly (stuck).
  1300 | D:2      | 1300 ||| Stepping randomly (stuck).
  1301 | D:2      | 1301 ||| Stepping randomly (stuck).
  1302 | D:2      | 1302 ||| Stepping randomly (stuck).
  1303 | D:2      | 1303 ||| Stepping randomly (stuck).
  1304 | D:2      | 1304 ||| Stepping randomly (stuck).
  1305 | D:2      | 1305 ||| Stepping randomly (stuck).
  1306 | D:2      | 1306 ||| Stepping randomly (stuck).
  1307 | D:2      | 1307 ||| Stepping randomly (stuck).
  1308 | D:2      | 1308 ||| PLANNING D:1-11
  1376 | D:2      | 1376 ||| PLANNING D:1-11
  1637 | D:2      | Reached XP level 4. HP: 24/28 MP: 4/4
  1718 | D:2      | 1718 ||| Stepping ~*~*~tactically~*~*~ (stealth).
  2319 | D:2      | 2319 ||| READING scroll labelled RINWAIL MEWNISO.
  2420 | D:2      | 2420 ||| READING 2 scrolls of identify.
  2420 | D:2      | 2420 ||| IDENTIFYING red potion
  2459 | D:3      | Noticed Ijyb
  2460 | D:3      | 2460 ||| Stepping ~*~*~tactically~*~*~ (hiding).
  2483 | D:3      | Killed Ijyb
  2484 | D:3      | Reached skill level 4 in Axes
  2530 | D:3      | 2530 ||| Stepping ~*~*~tactically~*~*~ (stealth).
  2532 | D:3      | 2532 ||| Stepping ~*~*~tactically~*~*~ (stealth).
  2542 | D:3      | 2542 ||| Stepping ~*~*~tactically~*~*~ (stealth).
  2543 | D:3      | 2543 ||| Stepping ~*~*~tactically~*~*~ (stealth).
  2544 | D:3      | 2544 ||| Stepping ~*~*~tactically~*~*~ (stealth).
  2545 | D:3      | 2545 ||| Stepping ~*~*~tactically~*~*~ (stealth).
  2747 | D:3      | 2747 ||| UPGRADING to +2 chain mail of cold resistance.
  2807 | D:3      | 2807 ||| DROPPING +0 scale mail.
  2946 | D:3      | 2946 ||| Stepping ~*~*~tactically~*~*~ (stealth).
  2959 | D:3      | Reached XP level 5. HP: 22/32 MP: 5/5
  2969 | D:3      | Reached skill level 5 in Axes
  3010 | D:3      | 3010 ||| Stepping ~*~*~tactically~*~*~ (stealth).
  3033 | D:3      | Found an iron altar of Okawaru.
  3034 | D:3      | 3034 ||| PLANNING OKAWARU WORSHIP
  3034 | D:3      | 3034 ||| DROPPING +6 ring of intelligence.
  3035 | D:3      | 3035 ||| READING scroll labelled WEUSAXZUKH.
  3036 | D:3      | 3036 ||| DRINKING 3 green potions.
  3036 | D:3      | Gained mutation: Your mind is acute. (Int +4, Str/Dex -1)
                  | [potion of mutation]
  3036 | D:3      | Gained mutation: Your natural rate of healing is unusually
                  | fast. [potion of mutation]
  3036 | D:3      | Gained mutation: You are strong-willed. (Will+) [potion of
                  | mutation]
  3037 | D:3      | Found a sparkling altar of Nemelex Xobeh.
  3041 | D:3      | Became a worshipper of Warmaster Okawaru
  3042 | D:3      | 3042 ||| PLANNING D:1-11
  3111 | D:3      | 3111 ||| Stepping ~*~*~tactically~*~*~ (stealth).
  3190 | D:4      | 3190 ||| Stepping ~*~*~tactically~*~*~ (hiding).
  3191 | D:4      | 3191 ||| Stepping ~*~*~tactically~*~*~ (hiding).
  3192 | D:4      | 3192 ||| Stepping ~*~*~tactically~*~*~ (hiding).
  3196 | D:4      | 3196 ||| DRINKING 2 potions of curing.
  3196 | D:4      | 3196 ||| (to cure confusion)
  3207 | D:4      | Reached XP level 6. HP: 38/39 MP: 6/6
  3211 | D:4      | 3211 ||| PLANNING D:1-11
  3576 | D:4      | 3576 ||| Stepping ~*~*~tactically~*~*~ (hiding).
  3746 | D:4      | 3746 ||| DROPPING amulet of magic regeneration.
  3747 | D:4      | 3747 ||| READING scroll labelled TAMADA COETEST.
  3748 | D:4      | 3748 ||| READING scroll labelled UHIAZUEX SEAV.
  3749 | D:4      | 3749 ||| READING 2 scrolls of identify.
  3749 | D:4      | 3749 ||| IDENTIFYING amethyst potion
  3783 | D:5      | Entered Level 5 of the Dungeon
  3829 | D:5      | Reached skill level 6 in Axes
  3846 | D:5      | 3846 ||| DROPPING +0 flail.
  3847 | D:5      | 3847 ||| DROPPING +0 mace.
  3853 | D:5      | 3853 ||| READING scroll of enchant weapon.
  3853 | D:5      | 3853 ||| ENCHANTING +1 war axe.
  3879 | D:5      | HP: 9/39 [gnoll/+0 club[a gnoll bouda] (4)]
  3879 | D:5      | Slain by a gnoll bouda

Levels and vault maps discovered:
D:1:      shiori_arrival_whats_in_store_for_you, layout_basic,
          serial_park_tiny_pond
D:2:      layout_basic, nicolae_ecumenical_oubliette
D:3:      layout_basic, nicolae_overflow_squiral, wad_orctagon, uniq_ijyb
D:4:      layout_cave_pools
D:5:      layout_basic, mainiacjoe_overflow_surrounded_room

Skill      XL: |  1  2  3  4  5  6 |
---------------+-------------------+-----
Axes           | 2 3 4 5 6 |  6.1
Fighting       | 4 |  4.3
Armour         | |  3.2
Shields        | |  3.2

Action                     |  1- 3 |  4- 6 || total
---------------------------+-------+-------++-------
  Melee: War axe           |   100 |   158 ||   258
  Throw: Boomerang         |       |    25 ||    25
    Use: Scroll            |     2 |     7 ||     9
         Potion            |     1 |     2 ||     3
 Armour: Scale mail        |    42 |    27 ||    69
         Chain mail        |       |   111 ||   111
  Dodge: Dodged            |    37 |    60 ||    97
  Block: Buckler           |    15 |    40 ||    55

Table legend:
 A = Non-vault XP
 B = Vault XP
 C = Vault XP percentage of total XP
 D = Non-vault monster count
 E = Vault monster count
 F = Vault count percentage of total count
                 A         B        C        D         E       F
            +---------+---------+-------+---------+---------+-------
      Total |     556 |      48 |   7.9 |      87 |       5 |   5.4
            +---------+---------+-------+---------+---------+-------
        D:1 |      50 |       0 |   0.0 |      25 |       0 |   0.0
        D:2 |      45 |       0 |   0.0 |      19 |       0 |   0.0
        D:3 |     140 |      48 |  25.5 |      17 |       5 |  22.7
        D:4 |     108 |       0 |   0.0 |      15 |       0 |   0.0
        D:5 |     213 |       0 |   0.0 |      11 |       0 |   0.0
            +---------+---------+-------+---------+---------+-------
